 Dungeon Crawl Stone Soup version 0.31.0-10-gcf4a605ca0 (webtiles) character file.

Game seed: 9239833919955944403

44 LeprechaunX the Caller (level 3, -1/26 HPs)
             Began as a Ghoul Summoner on Jan 25, 2024.
             Slain by a ribbon worm (3 damage)
             ... on level 2 of the Dungeon.
             The game lasted 00:05:20 (1108 turns).

LeprechaunX the Caller (Ghoul Summoner)             Turns: 1108, Time: 00:05:21

Health: -1/26      AC:  3    Str: 17    XL:     3   Next: 62%
Magic:  1/6        EV: 12    Int: 16    God:
Gold:   33         SH:  0    Dex:  9    Spells: 3/6 levels left

rFire   . . .        (no weapon)
rCold   + . .        (no shield)
rNeg    + + +        a - +0 robe
rPois   ∞            (no helmet)
rElec   .            (no cloak)
rCorr   .            e - +0 pair of gloves
SInv    .            (no boots)
Will    .....        (no amulet)
Stlth   ++           i - +6 ring of strength
HPRegen 0.00/turn    (no ring)
MPRegen 0.10/turn

%: no passive effects
@: inhibited regen
A: claws 1, cold resistance 1, negative energy resistance 3, inhibited
regeneration, torment resistance 2, devour on kill
a: no special abilities


You were on level 2 of the Dungeon.
You visited 1 branch of the dungeon, and saw 2 of its levels.

You collected 33 gold pieces.

Inventory:

Armour
 a - a +0 robe (worn)
 e - a +0 pair of gloves (worn)
 h - a +0 plate armour
Jewellery
 i - a +6 ring of strength (left hand)
Scrolls
 c - a scroll of teleportation {unknown}
Potions
 b - a potion of magic
 d - a potion of invisibility {unknown}
 f - a potion of curing {unknown}
 g - 2 potions of brilliance {unknown}


   Skills:
 + Level 2.3 Dodging
 + Level 3.0 Stealth
 + Level 2.2 Spellcasting
 + Level 3.9 Summonings


You had 3 spell levels left.
You knew the following spells:

 Your Spells              Type           Power      Damage    Failure   Level
a - Summon Small Mammal   Summ           56%        N/A       4%          1
b - Call Imp              Summ           28%        N/A       6%          2

Your spell library contained the following spells:

 Spells                   Type           Power      Damage    Failure   Level
 Call Canine Familiar     Summ           14%        N/A       12%         3
 Blink                    Tloc           2%         N/A       30%         2
 Lesser Beckoning         Tloc           2%         N/A       30%         2
 Momentum Strike          Conj/Tloc      2%         3d8       30%         2
 Summon Blazeheart Golem  Fire/Summ      8%         N/A       65%         4
 Summon Lightning Spire   Summ/Air       8%         N/A       65%         4


Dungeon Overview and Level Annotations

Branches:
Dungeon (2/15)

Altars:

Annotations:
D:2 Sigmund


Innate Abilities, Weirdness & Mutations

You are immune to poison.
You have sharp fingernails.
Your flesh is cold resistant. (rC+)
You are immune to negative energy. (rN+++)
You do not regenerate when monsters are visible.
You are immune to unholy pain and torment.
You thrive by killing the living.


Message History

Unknown command.
Casting: Call Imp (safe; 6% risk of failure)
Confirm with . or Enter, or press ? or * to list all spells.
A tiny devil pulls itself out of the air.
Your cerulean imp disappears in a puff of smoke!
The ribbon worm bites you. The adder barely misses you. The adder bites you.
Your bat barely misses the adder.
Unknown command.
You barely miss the adder. The adder barely misses you. The adder bites you.
The ribbon worm closely misses you.
Your cerulean imp hits the adder but does no damage.
Unknown command.
You hit the adder.
The adder is heavily wounded.
The adder barely misses you.
Your bat hits the adder. The adder bites your bat. The ribbon worm bites you!
* * * LOW HITPOINT WARNING * * *
The adder bites you.
* * * LOW HITPOINT WARNING * * *
Your bat closely misses the adder.
Your cerulean imp barely misses the adder.
You hit the adder.
The adder is severely wounded.
Your bat hits the adder. The adder closely misses you.
Your bat misses the adder. The adder bites you.
* * * LOW HITPOINT WARNING * * *
The adder bites you.
* * * LOW HITPOINT WARNING * * *
The ribbon worm bites you but does no damage.
Your cerulean imp barely misses the adder.
You hit the adder.
You kill the adder!
Your bat hits the ribbon worm but does no damage.
The adder barely misses you.
Your cerulean imp barely misses the adder.
Your Stealth skill increases to level 3!
Unknown command.
You closely miss the adder. The adder closely misses you.
The ribbon worm bites you.
You die...

.# .# .......
.... ......#
..##
##.....##
#..#
###.......#
...
#...=.b...#
#.
###...5.....#
......S.w..#
#@..# #####


You could see a ribbon worm (ally target), an adder (ally target), a friendly
cerulean imp (summoned) and a friendly bat (summoned).

Vanquished Creatures
  An adder (D:2)
  A ribbon worm (D:2)
  An endoplasm (D:1)
  3 goblins
  A hobgoblin (D:1)
  2 quokkas (D:1)
  2 ball pythons (D:1)
  A bat (D:2)
  2 kobolds (D:1)
14 creatures vanquished.

Vanquished Creatures (collateral kills)
  A dart slug (D:2)
  An endoplasm (D:2)
  A giant cockroach (D:2)
  A goblin (D:2)
  3 hobgoblins (D:1)
  2 kobolds
  3 bats
  3 rats
15 creatures vanquished.

Grand Total: 29 creatures vanquished

Notes
Turn   | Place    | Note
-------+----------+-------------------------------------------
     0 | D:1      | LeprechaunX the Ghoul Summoner began the quest for the Orb.
     0 | D:1      | Reached XP level 1. HP: 14/14 MP: 3/3
   297 | D:1      | Reached XP level 2. HP: 20/20 MP: 2/4
   800 | D:2      | Learned a level 2 spell: Call Imp
   833 | D:2      | Reached XP level 3. HP: 26/26 MP: 6/6
   969 | D:2      | Noticed Sigmund
  1108 | D:2      | Slain by a ribbon worm

Illustrated notes

Levels and vault maps discovered:
D:1:      minmay_arrival_three_doors, layout_rooms
D:2:      layout_rooms, uniq_sigmund, uniq_robin

Skill      XL: |  1  2  3 |
---------------+----------+-----
Dodging        | 2 |  2.3
Spellcasting   | 2 |  2.2
Stealth        | 3 |  3.0
Summonings     | |  3.9

Action                     || total
---------------------------++-------
  Melee: Unarmed           ||   123
   Cast: Summon Small Mamm ||    15
         Call Imp          ||     7
   Stab: Sleeping          ||     1
 Armour: Robe              ||    86
  Dodge: Dodged            ||   107
